 Dungeon Crawl Stone Soup version 0.22-a0-354-g30dfbe6fde (webtiles) character file.

9 Laan the Firebug (level 2, 10/20 HPs)
             Began as a Ghoul Fire Elementalist on Apr 17, 2018.
             Quit the game on level 1 of the Dungeon.
             The game lasted 00:01:01 (447 turns).

Laan the Firebug (Ghoul Fire Elementalist)           Turns: 447, Time: 00:01:01

Health: 10/20      AC:  2    Str: 11    XL:     2   Next: 16%
Magic:  4/4        EV: 12    Int: 10    God:
Gold:   0          SH:  0    Dex:  9    Spells: 4/5 levels left

rFire    . . .     SeeInvis .   (no weapon)
rCold    + . .     Gourm    .   (no shield)
rNeg     + + +     Faith    .   a - +0 robe
rPois    ∞         Spirit   .   (no helmet)
rElec    .         Reflect  .   (no cloak)
rCorr    .         Harm     .   (no gloves)
MR       .....                  (no boots)
Stlth    ++........             (no amulet)
HPRegen  0.06/turn              (no ring)
MPRegen  0.09/turn              (no ring)

@: rotting
A: rotting body, claws 1, carnivore, cold resistance 1, negative energy
resistance 3, inhibited regeneration, torment resistance, unbreathing
a: no special abilities


You were on level 1 of the Dungeon.
You were not hungry.

You visited 1 branch of the dungeon, and saw 1 of its levels.

Inventory:

Armour
 a - a +0 robe (worn)
Comestibles
 c - 2 rations


   Skills:
 - Level 1.7 Dodging
 - Level 2.1 Stealth
 + Level 2.0 Spellcasting
 * Level 1.4 Conjurations
 - Level 2.4 Fire Magic


You had 4 spell levels left.
You knew the following spells:

 Your Spells              Type           Power        Failure   Level  Hunger
a - Flame Tongue          Conj/Fire      #....        14%         1    ##.....


Dungeon Overview and Level Annotations

Branches:
Dungeon (1/15)

Altars:


Innate Abilities, Weirdness & Mutations

Your body is rotting away.
You thrive on raw meat.
You are immune to poison.
You have sharp fingernails.
You are carnivorous and can eat meat at any time.
Your flesh is cold resistant. (rC+)
You are immune to negative energy. (rN+++)
You do not regenerate when monsters are visible.
You are immune to unholy pain and torment.
You can survive without breathing.


Message History

Aiming: Flame Tongue (safe; 14% risk of failure)
Press: ? - help, Shift-Dir - straight line, f/p - kobold
Aim: a kobold (severely wounded)
The flame tongue hits the bat.
You kill the bat!
You scratch the kobold.
You kill the kobold!
You start resting.
You feel your flesh rotting away.
You start resting.
Magic restored.
You see here a bat corpse.
You butcher the bat corpse.
b - a chunk of flesh You see here a bat skeleton.
Eat a chunk of flesh? (ye/n/q)
You eat the chunk of flesh.
You feel more resilient.
This raw flesh tastes great!
Okay, then.
Are you sure you want to abandon this character and quit the game? (Confirm with "yes".)

. .>...####..##.#..(.
... #.......###.#....
....##..##..####.#....
...............#.#....
...##...###.#...#...w
##.#.###.....#....
#..#..######(†(...
#.###..## ##!.... #@#
##..# ###... #.# ##.##
... #.# #..## .## #.#
##.)# ##≈ #.# ##.#
##≈≈ #.# #.#####≈≈≈
..# #.##.#≈≈P. .##
#..#.#≈≈.. .
##.#.8≈...


There were no monsters in sight!

Vanquished Creatures
  A dart slug (D:1)
  A leopard gecko (D:1)
  2 bats (D:1)
  2 kobolds (D:1)
6 creatures vanquished.

Notes
Turn   | Place    | Note
-------+----------+-------------------------------------------
     0 | D:1      | Laan the Ghoul Fire Elementalist began the quest for the Orb.
     0 | D:1      | Reached XP level 1. HP: 14/14 MP: 2/2
    47 | D:1      | Reached skill level 1 in Conjurations
   377 | D:1      | Reached XP level 2. HP: 15/20 MP: 0/4
   447 | D:1      | Quit the game

Vault maps used:
D:1:      lightli_arrival_statuegarden, minmay_misc_feat_more_columns

Skill      XL: |  1 |
---------------+----+-----
Conjurations   | 1 |  1.4
Spellcasting   | 2 |  2.0
Dodging        | |  1.7
Stealth        | |  2.1
Fire Magic     | |  2.4

Action                   || total
-------------------------++-------
Melee: Unarmed           ||    22
 Cast: Flame Tongue      ||    11
  Eat: Chunk             ||     1
Armor: Robe              ||    10
Dodge: Dodged            ||    30

Table legend:
 A = Spawn XP
 B = Non-spawn XP
 C = Spawn XP percentage of total XP
 D = Spawn monster count
 E = Non-spawn monster count
 F = Spawn count percentage of total count
 G = Total turns spent on level
                    A         B        C        D         E        F      G
               +---------+---------+-------+---------+---------+-------+---------
         Total |       0 |      14 |   0.0 |       0 |       6 |   0.0 |   447
               +---------+---------+-------+---------+---------+-------+---------
           D:1 |       0 |      14 |   0.0 |       0 |       6 |   0.0 |   447
               +---------+---------+-------+---------+---------+-------+---------
